 Seeded DCSS version 0.29.1-15-g9cfb28693d (webtiles) character file.

Game seed: 10165163451824931987 (custom seed)

37 Psyclone the Stinger (level 3, 19/19 HPs)
             Began as a Deep Elf Venom Mage on Sept 23, 2023.
             Quit the game on level 1 of the Dungeon.
             The game lasted 00:04:19 (2111 turns).

Psyclone the Stinger (Deep Elf Venom Mage)          Turns: 2111, Time: 00:04:20

Health: 19/19      AC:  2    Str:  5    XL:     3   Next: 23%
Magic:  9/9        EV: 13    Int: 21    God:
Gold:   58         SH:  0    Dex: 15    Spells: 5/8 levels left

rFire   . . .      SeeInvis .   a - +0 short sword
rCold   . . .      Faith    .   (no shield)
rNeg    + . .      Spirit   .   c - +0 robe
rPois   .          Reflect  .   (no helmet)
rElec   .          Harm     .   (no cloak)
rCorr   .          Rampage  .   (no gloves)
Will    +++..      Clarity  +   (no boots)
Stlth   ++........              g - amulet of the Four Winds {rN+ Will+++ Clar}
HPRegen 0.06/turn               (no ring)
MPRegen 0.11/turn               (no ring)

@: no status effects
A: no striking features
a: no special abilities


You were on level 1 of the Dungeon.
You visited 1 branch of the dungeon, and saw 2 of its levels.

You collected 907 gold pieces.
You spent 849 gold pieces at shops.

Inventory:

Hand Weapons
 a - a +0 short sword (weapon)
Armour
 c - a +0 robe (worn)
Jewellery
 g - the amulet of the Four Winds (around neck) {rN+ Will+++ Clar}
   (You bought it in a shop on level 1 of the Dungeon)

   [amulet of nothing]

   rN:        It protects you from negative energy.
   Clar:      It protects you against confusion.
   Will:      It greatly increases your willpower.
Scrolls
 d - 2 scrolls of teleportation {unknown}
 e - a scroll of noise {unknown}
 f - a scroll of enchant weapon {unknown}
 i - 2 scrolls of fear {unknown}
 j - a scroll of butterflies {unknown}
 k - 2 scrolls of identify {unknown}
 m - a scroll of amnesia {unknown}
 n - a scroll of torment {unknown}
 p - a scroll of vulnerability {unknown}
Potions
 b - a potion of magic
 h - a potion of flight {unknown}
 l - a potion of curing {unknown}
 o - a potion of lignification {unknown}


   Skills:
 + Level 3.0 Dodging
 + Level 3.1 Stealth
 + Level 3.4 Spellcasting
 + Level 1.7 Transmutations
 + Level 3.6 Poison Magic


You had 5 spell levels left.
You knew the following spells:

 Your Spells              Type           Power      Damage    Failure   Level
a - Poisonous Vapours     Pois/Air       22%        N/A       9%          2
v - Sting                 Tmut/Pois      60%        1d6       4%          1

Your spell library contained the following spells:

 Spells                   Type           Power      Damage    Failure   Level
 Shock                    Conj/Air       12%        1d3       13%         1
 Mephitic Cloud           Conj/Pois/Air  8%         N/A       24%         3
 Olgreb's Toxic Radiance  Pois           18%        N/A       28%         4
 Swiftness                Air            3%         N/A       36%         3
 Airstrike                Air            1%         2d(1-17)  77%         4


Dungeon Overview and Level Annotations

Branches:
Dungeon (2/15) Zot: 9887

Altars:

Shops:
D:1 =


Message History

Confirm with . or Enter, or press ? or * to list all spells.
Aiming: Poisonous Vapours (safe; 9% risk of failure)
Press: ? - help, Dir - move target, f/p - bat
Aim: a bat (heavily wounded, poisoned)
You miscast Poisonous Vapours.
You are very lightly contaminated with residual magic.
Nothing appears to happen.
The bat looks more healthy.
The bat barely misses you.
You now have 4/9 mp.
The bat closely misses you. The bat barely misses you.
You hit the bat but do no damage.
The bat is moderately wounded.
The bat barely misses you. The bat hits you but does no damage.
Health restored: 19 You hit the bat.
You kill the bat!
The endoplasm quivers.
You see here a bat corpse.
You barely miss the endoplasm. The endoplasm barely misses you.
The endoplasm freezes you.
You are frozen.
You take 5 damage, and have 14/19 hp.
MASSIVE DAMAGE!!
You hit the endoplasm.
The endoplasm is severely wounded.
The endoplasm misses you.
Your magical contamination has completely faded away.
Casting: Poisonous Vapours (safe; 9% risk of failure)
Confirm with . or Enter, or press ? or * to list all spells.
You can't see any susceptible monsters within range! (Use Z to cast anyway.) Unknown command.
You hit the endoplasm.
You kill the endoplasm!
Your Dodging skill increases to level 3!
You see here a +0 short sword.
You see here a +0 short sword.
You see here a +0 club.
Done exploring.
Health restored: 19; MP restored: 9 Done exploring.
Are you sure you want to abandon this character and quit the game? (Confirm with "yes".)

### ######.## #############
#[....#@####.)..........
#.##.###.......########.
##.###.#.####...## #.
#...###.####...#.## #.
###.#.##### #.#..##.# #.
#...#...# #.#..##.# #. #
#.#####.# #.#..##.# #.
#######...#.).######...#.##
#. .................#
##...## #.


There were no monsters in sight!

Vanquished Creatures
  A worm (D:2)
  4 ball pythons
  3 endoplasms (D:1)
  2 giant cockroaches
  5 goblins (D:1)
  5 hobgoblins
  A quokka (D:2)
  4 bats (D:1)
  3 kobolds
  A rat (D:2)
29 creatures vanquished.

Notes
Turn   | Place    | Note
-------+----------+-------------------------------------------
     0 | D:1      | Psyclone the Deep Elf Venom Mage began the quest for the
                  | Orb.
     0 | D:1      | Reached XP level 1. HP: 10/10 MP: 6/6
   246 | D:1      | Identified a scroll of acquirement
   246 | D:1      | Acquired 846 gold pieces
   299 | D:1      | Reached XP level 2. HP: 15/15 MP: 1/8
   326 | D:1      | Learned a level 2 spell: Poisonous Vapours
   383 | D:1      | Acquired a book of Air
   400 | D:1      | Found Imaonk's Jewellery Emporium.
   403 | D:1      | Bought the amulet of the Four Winds {rN+ Will+++ Clar} for
                  | 849 gold pieces
   403 | D:1      | Found the amulet of the Four Winds {rN+ Will+++ Clar}
   800 | D:1      | You fall into a shaft and drop 1 floor!
  1400 | D:2      | Reached XP level 3. HP: 19/19 MP: 4/9
  2111 | D:1      | Quit the game

Illustrated notes

Levels and vault maps discovered:
D:1:      evilmike_arrival_fibonacci_small, layout_loops_ring, serial_shops,
          nicolae_shop_behind_doors, ebering_dispersal_statue_hall
D:2:      layout_basic, basic_altar, serial_park_tiny_pond, uniq_sigmund

Skill      XL: |  1  2  3 |
---------------+----------+-----
Stealth        | 3 |  3.1
Dodging        | 3 |  3.0
Spellcasting   | |  3.4
Transmutations | |  1.7
Poison Magic   | |  3.6

Action                   || total
-------------------------++-------
Melee: Short sword       ||    39
 Cast: Sting             ||    21
       Poisonous Vapours ||    25
  Use: Scroll            ||     2
Armor: Robe              ||    14
Dodge: Dodged            ||    46
